 Dungeon Crawl Stone Soup version 0.25-a0-578-gc91f01c39c (webtiles) character file.

Game seed: 1450891506338660730, levelgen mode: deterministic

32263 Inarius the Geomancer (level 13, -16/99 HPs)
             Began as a Yellow Draconian Earth Elementalist on Mar 3, 2020.
             Was a High Priest of Vehumet.
             Engulfed by a cloud of flame (25 damage)
             ... on level 4 of the Lair of Beasts on Mar 4, 2020.
             The game lasted 00:41:03 (20769 turns).

Inarius the Geomancer (DrEE)                       Turns: 20769, Time: 00:41:04

Health: -16/99     AC: 12    Str: 12    XL:     13   Next: 30%
Magic:  17/27      EV: 16    Int: 20    God:    Vehumet [*****.]
Gold:   137        SH:  0    Dex: 11    Spells: 18/33 levels left

rFire    . . .     SeeInvis +   E - +2 quarterstaff (chaos)
rCold    . . .     Gourm    +   (shield currently unavailable)
rNeg     . . .     Faith    .   (armour unavailable)
rPois    +         Spirit   .   (helmet restricted)
rElec    .         Reflect  .   F - +2 cloak
rCorr    +         Harm     .   C - +0 pair of gloves
MR       +....                  (no boots)
Stlth    +++.......             I - amulet of the gourmand
HPRegen  0.26/turn              e - ring of protection from magic
MPRegen  0.20/turn              P - ring of Sapaz {rPois rCorr SInv Stlth+}

@: no status effects
A: spit acid, unfitting armour, cold-blooded, acid resistance, AC +8
a: Breathe Acid, Renounce Religion


You were on level 4 of the Lair of Beasts.
You worshipped Vehumet.
Vehumet was extremely pleased with you.
You were very full.

You visited 3 branches of the dungeon, and saw 17 of its levels.
You also visited: Sewer.

You collected 824 gold pieces.
You spent 687 gold pieces at shops.

Inventory:

Hand Weapons
 d - a +1 short sword
 E - a +2 quarterstaff of chaos (weapon)
Missiles
 b - 285 stones (quivered)
Armour
 C - a +0 pair of gloves (worn)
 F - a +2 cloak (worn)
Jewellery
 e - a ring of protection from magic (left hand)
 h - a +2 ring of slaying
 I - an amulet of the gourmand (around neck)
 L - an uncursed ring of ice
 O - an uncursed ring of flight
 P - the ring of Sapaz (right hand) {rPois rCorr SInv Stlth+}
   (You bought it in a shop on level 11 of the Dungeon)

   [ring of resist corrosion]

   It protects you from poison.
   It lets you see invisible.
   It provides partial protection from all sources of acid and corrosion.
   It makes you more stealthy.
 Q - an uncursed amulet of faith
Wands
 w - a wand of paralysis (6)
 y - a wand of polymorph (8)
 G - a wand of flame (76)
 J - a wand of disintegration (13)
Scrolls
 f - a scroll of identify
 g - 12 scrolls of teleportation
 j - 2 scrolls of immolation
 m - a scroll of silence
 n - 4 scrolls of remove curse
 u - 2 scrolls of fog
 x - 3 scrolls of magic mapping
 A - a scroll of enchant weapon
 B - 5 scrolls of enchant armour
 H - 3 scrolls of fear {unknown}
 R - a scroll of holy word {unknown}
 S - a scroll of summoning {unknown}
Potions
 a - 10 potions of curing
 i - 5 potions of heal wounds
 k - 2 potions of invisibility
 l - 6 potions of cancellation
 o - a potion of lignification {unknown}
 p - a potion of degeneration {unknown}
 q - 6 potions of resistance
 r - 3 potions of magic
 s - 5 potions of brilliance
 t - 2 potions of mutation
 v - 2 potions of might
 z - a potion of ambrosia
 D - 3 potions of flight {unknown}
 K - a potion of stabbing {unknown}
 M - a potion of haste
Miscellaneous
 N - a phantom mirror
Comestibles
 c - 46 rations
 T - a chunk of flesh


   Skills:
 + Level 4.6 Fighting
 - Level 1.4 Short Blades
 - Level 5.0 Staves
 * Level 7.9 Dodging
 - Level 1.7 Stealth
 + Level 10.9 Spellcasting
 + Level 5.1 Conjurations
   Level 1.0 Transmutations
 * Level 14.8 Earth Magic
 + Level 4.1 Evocations


You had 18 spell levels left.
You knew the following spells:

 Your Spells              Type           Power        Failure   Level  Hunger
a - Sandblast             Erth           ######       0%          1    None
b - Stone Arrow           Conj/Erth      ######       1%          3    None
c - Lee's Rapid Deconstr  Erth           ######....   1%          5    ####...
d - Iron Shot             Conj/Erth      ######....   4%          6    ######.

Your spell library contained the following spells:

 Spells                   Type           Power        Failure   Level  Hunger
 Lightning Bolt           Conj/Air       ###.......   16%         5    ####...
 Foxfire                  Conj/Fire      ###.         1%          1    None
 Freeze                   Ice            ##..         1%          1    None
 Passwall                 Tmut/Erth      #####...     1%          2    None
 Dazzling Flash           Conj/Hex       ###...       1%          3    None
 Petrify                  Tmut/Erth      #####...     2%          4    ##.....
 Bolt of Magma            Conj/Fire/Erth #####.....   3%          5    ####...
 Ignite Poison            Fire/Tmut/Pois ##......     4%          3    None
 Frozen Ramparts          Ice            ##....       5%          3    None
 Inner Flame              Hex/Fire       ##......     5%          3    None
 Corona                   Hex            ##.....      6%          1    None
 Summon Small Mammal      Summ           ##..         6%          1    None
 Hailstorm                Conj/Ice       ###.....     6%          4    ##.....
 Borgnjor's Vile Clutch   Necr/Erth      #####.....   9%          5    ####...
 Ensorcelled Hibernation  Hex/Ice        ##....       10%         2    None
 Iskenderun's Battlesphe  Conj/Chrm      ###.....     16%         5    ####...
 Confusing Touch          Hex            ##......     19%         3    None
 Gell's Gravitas          Tloc           ##........   19%         3    None
 Ozocubu's Armour         Chrm/Ice       ##......     19%         3    None
 Tukima's Dance           Hex            ##......     19%         3    None
 Yara's Violent Unravell  Hex/Tmut       ##........   34%         5    ####...
 Summon Ice Beast         Ice/Summ       ##......     54%         4    ##.....
 Freezing Cloud           Conj/Ice/Air   ###.......   71%         6    ######.
 Orb of Destruction       Conj           ####......   82%         7    #######
 Metabolic Englaciation   Hex/Ice        ##........   87%         5    ####...
 Summon Forest            Summ/Tloc      ##........   87%         5    ####...
 Spellforged Servitor     Conj/Summ      ###.......   98%         7    #######
 Simulacrum               Ice/Necr       ##........   100%        6    ######.


Dungeon Overview and Level Annotations

Branches:
Dungeon (12/15)            Temple (1/1) D:6            Lair (4/6) D:10
  Sewer (visited)
  Swamp: Lair:2-4    Shoals: Lair:2-4     Snake: Lair:2-4    Spider: Lair:2-4
    Orc: D:9-12

Altars:
Ashenzari
Cheibriados
Dithmenos
Elyvilon
Fedhas
Gozag
Hepliaklqana
Kikubaaqudgha
Makhleb
Nemelex Xobeh
Okawaru
Qazlal
Ru
Sif Muna
Trog
Uskayaw
Vehumet
Wu Jian
Xom
Yredelemnul
Zin
The Shining One

Shops:
D:11 =

Annotations:
D:3 Grinder
D:5 1 runed translucent door, Flugslaktarn's ghost, amateur DDFi
D:9 1 runed translucent door, Flugslaktarn's ghost, novice MiFi
Lair:2 3 runed translucent doors, Lugonue's ghost, journeyman OpVM


Innate Abilities, Weirdness & Mutations

You can spit globs of acid.
Your golden yellow scales are hard. (AC +8)
You cannot fit into any form of body armour.
You are cold-blooded and may be slowed by cold attacks.
You are resistant to acid. (rCorr)


Message History

You feel your power returning. Vehumet accepts your kill.
You feel your power returning. Vehumet accepts your kill.
You hear an angry hiss.
You hear a screech!
The hell hound stops to sniff the ground.
The rime drake is engulfed in blazing flames.
Casting: Lee's Rapid Deconstruction (safe; 1% risk of failure)
Confirm with . or Enter, or press ? or * to list all spells.
Aiming: Iron Shot (safe; 4% risk of failure)
Press: ? - help, Shift-Dir - straight line, f - hell hound
Aim: a hell hound (flame, inner flame)
The iron shot hits the hell hound!!
The hell hound explodes!
The fiery explosion engulfs you!!
* * * LOW HITPOINT WARNING * * *
Vehumet accepts your kill.
Vehumet offers you knowledge of Lightning Bolt.
You are engulfed in blazing flames.
You die...

#.....÷....#
####.P.#.###
##.#..#.#
#P.#...##
#..%.#+.#
#..%..%.#
#....>..#
#...#....#
...#.#.§@§###.#.
#....+§§§§..S...
#..§°§§...##.
#P.%.#+°#.###
≈.... §§§## ≈≈%#
§°+ .≈# .§k§ .≈
..§§ .....


You could see a rime drake and a water moccasin.

Vanquished Creatures
  5 hydras
  2 two-headed ogres
  A tengu warrior (D:11)
  A deep elf mage (D:11)
  5 ugly things (D:11)
  Pikel (D:7)
  2 cyclopes (D:11)
  5 elephants
  3 black mambas
  7 spiny frogs
  4 rime drakes (Lair:4)
  A komodo dragon (Lair:1)
  A queen bee (Lair:2)
  A tengu conjurer (D:11)
  13 blink frogs
  A slime creature (D:11)
  9 hippogriffs
  A hornet (D:11)
  A vampire (D:11)
  A yak (D:11)
  7 wyverns
  Eustachio (D:4)
  6 basilisks
  A human (shapeshifter) (D:11)
  A vampire mosquito (D:11)
  2 wargs (D:10)
  An acid dragon (D:11)
  A hell hound (Lair:4)
  7 porcupines
  7 water moccasins
  Purgy (Sewer)
  A slave (D:7)
  A hornet zombie (D:9)
  2 necrophages
  5 orc warriors
  3 black bears
  A sky beast (D:9)
  4 phantoms
  An eye of draining (D:11)
  4 ice beasts
  2 ogres
  6 crocodiles
  5 centaurs
  16 bullfrogs
  2 big kobolds
  6 scorpions
  24 killer bees
  10 wights
  2 howler monkeys
  3 crimson imps
  A bullfrog zombie (D:7)
  4 centaur skeletons
  6 hounds
  Crazy Yiuf (D:6)
  A bullfrog skeleton (D:4)
  10 orc priests
  6 jellies
  11 orc wizards
  An iguana (D:3)
  Ijyb (D:4)
  Natasha (D:2)
  9 worker ants
  A hound skeleton (D:11)
  A gnoll (D:1)
  11 adders
  A river rat (D:11)
  4 shadow imps
  An adder zombie (D:5)
  A worm (D:6)
  3 dart slugs
  8 leopard geckos
  41 orcs
  6 giant cockroaches
  6 goblins
  5 hobgoblins
  18 jackals
  11 kobolds
  A quokka (D:5)
  4 ball pythons
  6 bats
  10 frilled lizards
  A jackal skeleton (D:7)
  A leopard gecko skeleton (D:6)
  6 rats
  A plant (Lair:4)
398 creatures vanquished.

Vanquished Creatures (others)
  A quokka zombie (D:6)
  4 fungi
  4 plants
  2 withered plants (D:5)
11 creatures vanquished.

Grand Total: 409 creatures vanquished

Notes
Turn   | Place    | Note
-------+----------+-------------------------------------------
     0 | D:1      | Inarius the Draconian Earth Elementalist began the quest
                  | for the Orb.
     0 | D:1      | Reached XP level 1. HP: 14/14 MP: 3/3
   249 | D:1      | Reached XP level 2. HP: 12/20 MP: 5/5
   583 | D:1      | Reached XP level 3. HP: 17/26 MP: 6/6
  1005 | D:1      | Reached skill level 1 in Short Blades
  1468 | D:2      | Found an ancient bone altar of Kikubaaqudgha.
  1487 | D:2      | Learned a level 3 spell: Stone Arrow
  1699 | D:2      | Found a white marble altar of Elyvilon.
  1807 | D:2      | Noticed Natasha
  1812 | D:2      | Killed Natasha
  1812 | D:2      | Reached skill level 4 in Earth Magic
  1812 | D:2      | Reached XP level 4. HP: 33/33 MP: 1/7
  2074 | D:3      | Noticed Grinder
  2554 | D:3      | Paralysed by Grinder for 3 turns
  2561 | D:3      | Paralysed by Grinder for 6 turns
  2770 | D:3      | Reached XP level 5. HP: 39/39 MP: 4/9
  2819 | D:3      | Learned a level 5 spell: Lee's Rapid Deconstruction
  3127 | D:4      | Noticed a phantom
  3142 | D:4      | Killed a phantom
  3142 | D:4      | Reached skill level 5 in Earth Magic
  3160 | D:4      | Found a glowing drain.
  3224 | D:4      | Reached XP level 6. HP: 39/46 MP: 8/10
  3252 | Sewer    | Entered a sewer
  3288 | Sewer    | Noticed Purgy
  3294 | Sewer    | Killed Purgy
  3564 | D:3      | Reached skill level 1 in Fighting
  3707 | D:3      | Reached skill level 6 in Earth Magic
  4070 | D:4      | Noticed Ijyb
  4093 | D:4      | Killed Ijyb
  4093 | D:4      | Your scales start taking on a golden yellow colour.
  4093 | D:4      | Reached XP level 7. HP: 50/52 MP: 1/12
  4093 | D:4      | Gained mutation: You are resistant to acid. (rCorr) [Yellow
                  | Draconian growth]
  4204 | D:4      | Noticed Eustachio
  4212 | D:4      | Killed Eustachio
  4245 | D:4      | Found a burning altar of Makhleb.
  4247 | D:4      | Noticed a cacodemon
  4291 | D:4      | Reached skill level 7 in Earth Magic
  4452 | D:4      | Reached skill level 1 in Conjurations
  4506 | D:5      | Entered Level 5 of the Dungeon
  4536 | D:5      | Reached XP level 8. HP: 51/59 MP: 1/14
  5087 | D:5      | Reached skill level 8 in Earth Magic
  5214 | D:5      | Found a runed translucent door.
  5215 | D:5      | Noticed Flugslaktarn's ghost (amateur DDFi)
  5753 | D:5      | Reached skill level 5 in Spellcasting
  6789 | D:6      | Found a glowing golden altar of the Shining One.
  6925 | D:6      | Found a stormy altar of Qazlal.
  7073 | D:6      | Reached skill level 9 in Earth Magic
  7217 | D:6      | Found a runed translucent door.
  7218 | D:6      | Noticed Crazy Yiuf
  7476 | D:6      | Found a staircase to the Ecumenical Temple.
  7617 | Temple   | Entered the Ecumenical Temple
  7774 | D:6      | Killed Crazy Yiuf
  7900 | D:7      | Reached XP level 9. HP: 67/67 MP: 14/17
  7936 | D:7      | Found a bloodstained altar of Trog.
  8047 | D:7      | Reached skill level 1 in Staves
  8086 | D:7      | Found a stormy altar of Qazlal.
  8281 | D:7      | Noticed Pikel
  8324 | D:7      | Killed Pikel
  8324 | D:7      | Reached skill level 10 in Earth Magic
  8774 | D:8      | Found a radiant altar of Vehumet.
  8787 | D:8      | Became a worshipper of Vehumet
  9008 | D:8      | Found a radiant altar of Vehumet.
  9051 | D:8      | Found a shattered altar of Ashenzari.
  9602 | D:8      | Reached skill level 1 in Evocations
  9604 | D:8      | Reached XP level 10. HP: 48/74 MP: 7/20
  9855 | D:9      | Found a runed translucent door.
  9858 | D:9      | Noticed Flugslaktarn's ghost (novice MiFi)
 10032 | D:9      | Reached * piety under Vehumet
 10032 | D:9      | Offered knowledge of Magic Dart by Vehumet.
 11126 | D:9      | Noticed a two-headed ogre
 11143 | D:9      | Killed a two-headed ogre
 11203 | D:10     | Entered Level 10 of the Dungeon
 11273 | D:10     | Found a staircase to the Lair.
 11282 | D:10     | Reached skill level 11 in Earth Magic
 12149 | D:10     | Reached ** piety under Vehumet
 12469 | D:10     | Offered knowledge of Freeze by Vehumet.
 12477 | D:10     | Learned a level 6 spell: Iron Shot
 12876 | D:11     | Found Pobebbelobb's Jewellery Boutique.
 12876 | D:11     | Noticed a purple ugly thing
 12881 | D:11     | Killed a purple ugly thing
 12969 | D:11     | Noticed a white ugly thing
 13080 | D:11     | Found a hide-covered altar of Uskayaw.
 13324 | D:11     | Reached skill level 5 in Staves
 13324 | D:11     | Reached XP level 11. HP: 80/82 MP: 22/22
 13387 | D:11     | Killed a white ugly thing
 13756 | D:11     | Reached skill level 5 in Dodging
 13910 | D:11     | Identified Sif Muna's Papyrus of Heat and the Snowflakes
 14017 | D:11     | Noticed a red ugly thing
 14017 | D:11     | Noticed a two-headed ogre
 14026 | D:11     | Killed a two-headed ogre
 14026 | D:11     | Killed a red ugly thing
 14166 | D:11     | Noticed a seven-headed hydra
 14171 | D:11     | Reached skill level 12 in Earth Magic
 14182 | D:11     | Killed a seven-headed hydra
 14182 | D:11     | Offered knowledge of Mephitic Cloud by Vehumet.
 14293 | D:11     | Noticed a four-headed hydra
 14296 | D:11     | Killed a four-headed hydra
 14475 | D:11     | Noticed a red ugly thing
 14480 | D:11     | Killed a red ugly thing
 14638 | D:11     | Found a runed translucent door.
 14638 | D:11     | Found a runed translucent door.
 14638 | D:11     | Noticed a four-headed hydra
 14638 | D:11     | Noticed a tengu warrior
 14649 | D:11     | Killed a four-headed hydra
 14649 | D:11     | Reached *** piety under Vehumet
 14679 | D:11     | Killed a tengu warrior
 14794 | D:11     | Noticed a red ugly thing
 14815 | D:11     | Noticed a harpy
 14816 | D:11     | Killed a red ugly thing
 14817 | D:11     | a harpy changed into a human
 14836 | D:11     | Reached skill level 13 in Earth Magic
 14985 | D:11     | Reached XP level 12. HP: 85/91 MP: 17/25
 15188 | D:11     | Identified Edghuyleca's Almanac of Supportive Black Secrets
 15459 | D:11     | Offered knowledge of Frozen Ramparts by Vehumet.
 15652 | Lair:1   | Entered Level 1 of the Lair of Beasts
 15774 | Lair:1   | Noticed a five-headed hydra
 15782 | Lair:1   | Killed a five-headed hydra
 16756 | Lair:2   | Noticed Lugonue's ghost (journeyman OpVM)
 16760 | Lair:2   | Noticed a four-headed hydra
 16764 | Lair:2   | Killed a four-headed hydra
 16856 | D:11     | Bought the ring of Sapaz {rPois rCorr SInv Stlth+} for 687
                  | gold pieces
 17521 | Lair:2   | Found a runed translucent gate.
 17521 | Lair:2   | Found a runed translucent gate.
 17521 | Lair:2   | Found a runed translucent gate.
 17716 | Lair:2   | Reached skill level 10 in Spellcasting
 17794 | Lair:2   | Reached skill level 14 in Earth Magic
 17799 | Lair:2   | Reached **** piety under Vehumet
 18509 | Lair:2   | Offered knowledge of Fireball by Vehumet.
 19545 | Lair:3   | Reached XP level 13. HP: 97/97 MP: 23/27
 20635 | Lair:4   | Reached skill level 5 in Conjurations
 20767 | Lair:4   | Reached ***** piety under Vehumet
 20769 | Lair:4   | Offered knowledge of Lightning Bolt by Vehumet.
 20769 | Lair:4   | Engulfed by a cloud of flame

Levels and vault maps discovered:
D:1:      nicolae_arrival_memento_mori, layout_rooms
D:2:      layout_basic, kiku_gazebo_garden_becter, lemuel_doored_altar,
          first_ration, uniq_natasha
D:3:      layout_loops_cross, uniq_grinder
D:4:      layout_basic, makhleb_altar_promises_db, gup_sewer_entry_glass,
          kennysheep_dice, uniq_ijyb, uniq_eustachio
D:5:      layout_basic, gammafunk_ghost_grave
D:6:      layout_loops_ring, lemuel_coloured_pillars_altar,
          lemuel_temple_firewalk_b, grunt_qazlal_clouds, uniq_crazy_yiuf_cottage
D:7:      layout_rooms, trog_ov_bears_minmay, old_standard_altar,
          grunt_ogre_cave, lemuel_another_geyser, uniq_pikel
D:8:      layout_cave_pools, vehumet_crystals, ashenzari_altar_1,
          vehumet_altar_wand_db
D:9:      layout_gridville, gammafunk_ghost_grave
D:10:     layout_gridville, erik_lair_orcish_takeover
D:11:     minmay_the_grid_triangle_9x9_recursive_3
          [minmay_the_grid_triangle_9x9_tough_junction,
          minmay_the_grid_triangle_9x9_skeleton,
          minmay_the_grid_triangle_9x9_intruding_spiral,
          minmay_the_grid_triangle_9x9_prize_top_heavy,
          minmay_the_grid_triangle_9x9_cache,
          minmay_the_grid_triangle_9x9_longest,
          minmay_the_grid_triangle_9x9_zippers_horizontal,
          minmay_the_grid_triangle_9x9_alien,
          minmay_the_grid_triangle_9x9_corruption], layout_cave_pools,
          serial_shops, shop, serial_column_ruins, column_ruins_corridor_corner,
          column_ruins_open_small, column_ruins_open_small, basic_altar,
          minmay_checkerbox
D:12:     layout_basic, david_orc_5, portal_ice_cave_entry_pillars_1,
          glass_columns_c
Temple:   nicolae_temple_great_sept
Lair:1:   layout_layer_cave
Lair:2:   layout_cave_pods, gammafunk_ghost_icy, chequers_serial_rivers_micro_e,
          beast_lair_carwin_5, infiniplex_staircase_pool_2
Lair:3:   layout_concentric_octagons, special_room [special_room_bee],
          grunt_megastairs_3
Lair:4:   layout_roguey [special_room_mythical_zoo], elwin_shoals_entry_rocks,
          spider_nest_entry_webs, grunt_megastairs_4, serial_bayou_shore_a

Skill      XL: |  1  2  3  4  5  6  7  8  9 10 11 12 13 |
---------------+----------------------------------------+-----
Dodging        | 2 3 4 6 7 |  7.9
Short Blades   | 1 |  1.4
Earth Magic    | 4 5 6 7 9 10 11 13 14 | 14.8
Spellcasting   | 3 4 5 6 7 9 10 | 10.9
Fighting       | 1 2 3 4 |  4.6
Conjurations   | 1 2 3 4 5 |  5.1
Staves         | 2 5 |  5.0
Evocations     | 1 3 4 |  4.1
Stealth        | |  1.7
Transmutations | |  1.0

Action                   |  1- 3 |  4- 6 |  7- 9 | 10-12 | 13-15 || total
-------------------------+-------+-------+-------+-------+-------++-------
Melee: Short sword       |   109 |   104 |    87 |       |       ||   300
       Tailslap          |     8 |    10 |    13 |    40 |     4 ||    75
       Quarterstaff      |       |       |    55 |   288 |    58 ||   401
Throw: Stone             |       |     1 |       |       |       ||     1
 Cast: Sandblast         |    14 |    51 |    71 |    30 |    19 ||   185
       Stone Arrow       |       |     8 |    67 |    52 |     4 ||   131
       Lee's Rapid Decon |       |       |    17 |    86 |    13 ||   116
       Iron Shot         |       |       |       |    42 |    12 ||    54
 Abil: Breathe Acid      |       |       |     1 |     1 |       ||     2
       Evoke Flight      |       |       |       |     1 |       ||     1
Evoke: Wand              |       |       |     3 |    19 |       ||    22
  Use: Scroll            |       |     8 |     6 |    14 |     1 ||    29
       Potion            |       |     1 |       |     1 |       ||     2
 Stab: Sleeping          |     4 |     2 |     3 |     2 |       ||    11
       Paralysed         |       |       |     2 |    14 |       ||    16
  Eat: Chunk             |     3 |     8 |    25 |    74 |    10 ||   120
       Ration            |       |       |       |     2 |       ||     2
Armor: Skin              |    42 |    42 |    74 |   151 |    65 ||   374
Dodge: Dodged            |   102 |   102 |   185 |   317 |   148 ||   854

Table legend:
 A = Non-vault XP
 B = Vault XP
 C = Vault XP percentage of total XP
 D = Non-vault monster count
 E = Vault monster count
 F = Vault count percentage of total count
                 A         B        C        D         E       F
            +---------+---------+-------+---------+---------+-------
      Total |   25408 |   20683 |  44.9 |     284 |     112 |  28.3
            +---------+---------+-------+---------+---------+-------
        D:1 |      58 |       0 |   0.0 |      25 |       0 |   0.0
        D:2 |      27 |      35 |  56.5 |      10 |       1 |   9.1
        D:3 |     159 |       3 |   1.9 |      19 |       1 |   5.0
        D:4 |     499 |     302 |  37.7 |      10 |       8 |  44.4
        D:5 |     831 |       0 |   0.0 |      25 |       0 |   0.0
        D:6 |     660 |      41 |   5.8 |      22 |       1 |   4.3
        D:7 |     767 |     961 |  55.6 |      17 |       4 |  19.0
        D:8 |    1126 |       1 |   0.1 |      19 |       1 |   5.0
        D:9 |    2383 |       0 |   0.0 |      34 |       0 |   0.0
       D:10 |    1258 |     552 |  30.5 |      23 |       7 |  23.3
       D:11 |    3105 |   10860 |  77.8 |      27 |      33 |  55.0
     Lair:1 |    1994 |       0 |   0.0 |       5 |       0 |   0.0
     Lair:2 |    6468 |    2454 |  27.5 |      24 |      16 |  40.0
     Lair:3 |    5189 |    1541 |  22.9 |      20 |      16 |  44.4
     Lair:4 |     884 |    3774 |  81.0 |       4 |      15 |  78.9
      Sewer |       0 |     159 | 100.0 |       0 |       9 | 100.0
            +---------+---------+-------+---------+---------+-------
